 Dungeon Crawl Stone Soup version 0.28-a0-1235-g7c8fac35f0 (webtiles) character file.

Game seed: 10171524068853431290

121 HessuHobo the Sneak (level 5, -4/26 HPs)
             Began as a Vine Stalker Enchanter on Dec 25, 2021.
             Slain by an ogre (25 damage)
             ... on level 3 of the Dungeon.
             The game lasted 00:10:01 (4054 turns).

HessuHobo the Sneak (Vine Stalker Enchanter)        Turns: 4054, Time: 00:10:02

Health: -4/26      AC:  5    Str: 10    XL:     5   Next: 5%
Magic:  0/10       EV: 12    Int: 17    God:
Gold:   139        SH:  0    Dex: 15    Spells: 8/10 levels left

rFire   . . .      SeeInvis .   m - +1 short sword (freeze)
rCold   . . .      Faith    .   (no shield)
rNeg    + . .      Spirit   +   n - +2 robe {rN+}
rPois   .          Reflect  .   (no helmet)
rElec   .          Harm     .   w - +0 cloak
rCorr   .          Rampage  .   (no gloves)
Will    .....                   (no boots)
Stlth   +++.......              (no amulet)
HPRegen 0.88/turn               (no ring)
MPRegen 0.12/turn               (no ring)

@: no status effects
A: fangs 2, regeneration 1, magic shield, antimagic bite, no potion heal 2
a: no special abilities


You were on level 3 of the Dungeon.
You visited 1 branch of the dungeon, and saw 3 of its levels.

You collected 167 gold pieces.
You spent 28 gold pieces at shops.

Inventory:

Hand Weapons
 a - a +1 dagger
 m - a +1 short sword of freezing (weapon)
Missiles
 l - 62 stones (quivered)
Armour
 b - a +0 robe
 j - a +0 leather armour
 n - a +2 robe of positive energy (worn)
 o - a +2 kite shield
 w - a +0 cloak (worn)
Jewellery
 i - a ring of see invisible
Scrolls
 d - a scroll of enchant armour {unknown}
 e - 3 scrolls of blinking {unknown}
 p - a scroll of amnesia {unknown}
 r - 2 scrolls of teleportation {unknown}
 t - 2 scrolls of magic mapping {unknown}
 u - a scroll of silence {unknown}
 v - a scroll of summoning {unknown}
Potions
 c - 2 potions of invisibility
 f - a potion of attraction {unknown}
 g - a potion of mutation {unknown}
 h - a potion of curing {unknown}
 k - 2 potions of flight
 q - a potion of might {unknown}
 s - a potion of cancellation {unknown}


   Skills:
 + Level 1.7 Fighting
 + Level 2.0 Short Blades
 - Level 1.5 Dodging
 - Level 4.0 Stealth
 + Level 3.1 Spellcasting
 + Level 3.7 Hexes


You had 8 spell levels left.
You knew the following spells:

 Your Spells              Type           Power      Damage    Failure   Level
a - Ensorcelled Hibernat  Hex/Ice        16%        N/A       12%         2

Your spell library contained the following spells:

 Spells                   Type           Power      Damage    Failure   Level
 Confusing Touch          Hex            15%        N/A       11%         3
 Tukima's Dance           Hex            15%        N/A       11%         3
 Dazzling Flash           Conj/Hex       16%        N/A       24%         3


Dungeon Overview and Level Annotations

Branches:
Dungeon (3/15)

Altars:
Gozag
Zin

Shops:
D:1 [   D:2 *   D:3 *


Innate Abilities, Weirdness & Mutations

You have extremely sharp teeth.
Your natural rate of healing is unusually fast.
When hurt, damage is shared between your health and your magic reserves.
Your bite disrupts and absorbs the magic of your enemies.
Potions cannot restore your health.


Message History

You open the door.
There is an open door here.
t - 2 scrolls labelled RONIQABL NUNY (gained 1)
e - 3 scrolls labelled ALASYT MAEGI (gained 1)
Found a stone staircase leading up.
You open the door.
There is an open door here.
Partly explored, can't reach some places.
Partly explored, can't reach some places.
There is an open door here.
Press: ? - help, . - travel You can't see that place. [the floor.] Reduced exclusion size to a single square.
Removed exclusion.
The helpless ogre fails to defend itself.
You puncture the ogre! You freeze the ogre.
The ogre is severely wounded.
The ogre hits you with a +0 giant spiked club!!
Ouch! That really hurt!
Casting: Ensorcelled Hibernation (safe; 12% risk of failure)
Confirm with . or Enter, or press ? or * to list all spells.
Aiming: Ensorcelled Hibernation (safe; 12% risk of failure)
Press: ? - help, Shift-Dir - straight line, f - ogre
Aim: an ogre, wielding a +0 giant spiked club (heavily wounded, chance to affect: 39%)
You miscast Ensorcelled Hibernation.
You are very lightly contaminated with residual magic.
Nothing appears to happen.
Your magical contamination has completely faded away.
The ogre hits you with a +0 giant spiked club!
Casting: Ensorcelled Hibernation (safe; 12% risk of failure)
Confirm with . or Enter, or press ? or * to list all spells.
Aiming: Ensorcelled Hibernation (safe; 12% risk of failure)
Press: ? - help, Shift-Dir - straight line, f/p - ogre
Aim: an ogre, wielding a +0 giant spiked club (heavily wounded, chance to affect: 39%)
The ogre looks drowsy...
The ogre shouts!
The ogre hits you with a +0 giant spiked club!!
Ouch! That really hurt!
You die...

##### #....
##################### #.###
#......##...........# #.#
##.###.###.########.# #.# #.#
#.# #.#...@O.#.# #.# #.# #.#
#....###.#.# #.# #.# #.#
###..#...#.# #.# #.# #.#
#..#.#.#.# #.# #.#
#.#####....#<#.### #.#
#.###....###.###.#...# #.#
#........+.......#...######.###
#####....###.#####>..'.........
#....'...# #...######.#.#


You could see an ogre.

Vanquished Creatures
  3 gnolls
  3 adders
  3 worms (D:2)
  2 dart slugs
  2 orcs (D:3)
  A ball python (D:3)
  8 bats
  8 endoplasms
  A giant cockroach (D:1)
  A goblin (D:1)
  4 hobgoblins
  3 quokkas
  2 frilled lizards (D:2)
  5 kobolds
  6 rats
52 creatures vanquished.

Vanquished Creatures (others)
  3 fungi (D:1)
  15 plants
18 creatures vanquished.

Grand Total: 70 creatures vanquished

Notes
Turn   | Place    | Note
-------+----------+-------------------------------------------
     0 | D:1      | HessuHobo the Vine Stalker Enchanter began the quest for
                  | the Orb.
     0 | D:1      | Reached XP level 1. HP: 9/9 MP: 4/4
    69 | D:1      | Found a faded altar of an unknown god.
    88 | D:1      | Reached skill level 1 in Short Blades
   585 | D:1      | Reached XP level 2. HP: 13/14 MP: 4/6
   709 | D:1      | Learned a level 2 spell: Ensorcelled Hibernation
  1298 | D:1      | Found Pongog's Antique Armour Emporium.
  1567 | D:2      | Found Zietaoth's General Store.
  1587 | D:2      | Reached skill level 4 in Stealth
  1594 | D:2      | Reached XP level 3. HP: 6/17 MP: 3/7
  2031 | D:2      | Reached skill level 1 in Fighting
  2166 | D:2      | Found an opulent altar of Gozag.
  2256 | D:2      | Bought a scroll of identify for 28 gold pieces
  2558 | D:1      | Gained mutation: Your natural rate of healing is unusually
                  | fast. [Vine Stalker growth]
  2558 | D:1      | Reached XP level 4. HP: 19/22 MP: 3/9
  3176 | D:3      | Found a glowing silver altar of Zin.
  3177 | D:3      | Found Zin's Purification Station.
  3523 | D:3      | Noticed an ogre
  3572 | D:3      | Reached XP level 5. HP: 25/26 MP: 5/10
  4054 | D:3      | Slain by an ogre

Illustrated notes

Levels and vault maps discovered:
D:1:      nzn_arrival_crosshair, layout_loops_corners,
          shapermc_ecumenical_altar_gd, serial_shops, nicolae_shop_hallway_plus,
          minmay_fountain_box
D:2:      layout_rooms, basic_altar, serial_shops, shop_coins,
          nicolae_grassy_gnolls
D:3:      layout_basic, zin_purify, minitemple

Skill      XL: |  1  2  3  4 |
---------------+-------------+-----
Short Blades   | 1 2 |  2.0
Stealth        | 4 |  4.0
Fighting       | 1 |  1.7
Spellcasting   | 3 |  3.1
Dodging        | |  1.5
Hexes          | |  3.7

Action                   |  1- 3 |  4- 6 || total
-------------------------+-------+-------++-------
Melee: Dagger            |    54 |       ||    54
       Bite              |    15 |    11 ||    26
       Short sword       |    32 |    41 ||    73
Throw: Stone             |    36 |     9 ||    45
 Cast: Ensorcelled Hiber |    14 |    11 ||    25
  Use: Scroll            |     1 |       ||     1
 Stab: Sleeping          |     9 |     9 ||    18
Armor: Robe              |    14 |    14 ||    28
       Leather armour    |     2 |       ||     2
Dodge: Dodged            |    52 |    24 ||    76

Table legend: (Time is in decaauts)
 A = Elapsed time spent in this place.
 B = Non-inter-level travel time spent in this place.
 C = Inter-level travel time spent in this place.
 D = Time resting spent in this place.
 E = Time spent auto-exploring this place.
 F = Levels seen in this place.
 G = Mean time per level.
                   A        B        C        D        E       F      G
               +--------+--------+--------+--------+--------+-----+--------+
         Total |   4061 |   3978 |     83 |   1627 |   1322 |   3 | 1353.7 |
       Dungeon |   4061 |   3978 |     83 |   1627 |   1322 |   3 | 1353.7 |
               +--------+--------+--------+--------+--------+-----+--------+

Top non-repeatable levels by time:
     D:1: 2092 daAuts
     D:2: 991 daAuts
     D:3: 976 daAuts
